 Dungeon Crawl Stone Soup version 0.31.0-1-g2c135a0 (webtiles) character file.

Game seed: 17107656580075289064

1487 mezmerelda the Cleaver (level 8, -6/74 HPs)
             Began as a Hill Orc Fighter on Mar 13, 2024.
             Mangled by a gnoll sergeant
             ... wielding a +0 halberd
              (13 damage)
             ... in a bailey.
             The game lasted 00:13:10 (2902 turns).

mezmerelda the Cleaver (Hill Orc Fighter)           Turns: 2902, Time: 00:13:10

Health: -6/74      AC:  7    Str: 21    XL:     8   Next: 80%
Magic:  8/8        EV:  9    Int:  8    God:
Gold:   155        SH:  5    Dex: 10    Spells: 7/7 levels left

rFire   . . .        a - +0 war axe
rCold   . . .        c - +0 buckler
rNeg    + . .        b - +0 scale mail
rPois   .            (no helmet)
rElec   .            (no cloak)
rCorr   .            (no gloves)
SInv    .            (no boots)
Will    .....        (no amulet) Stlth
                     o - ring of positive energy
HPRegen 0.32/turn    (no ring)
MPRegen 0.11/turn

%: no passive effects
@: attractive
A: no striking features
a: no special abilities


You were in a bailey.
You visited 1 branch of the dungeon, and saw 7 of its levels.
You also visited: Bailey.

You collected 155 gold pieces.

Inventory:

Hand Weapons
 a - a +0 war axe (weapon)
Armour
 b - a +0 scale mail (worn)
 c - a +0 buckler (worn)
Jewellery
 o - a ring of positive energy (left hand)
Wands
 k - a wand of digging (4)
 m - a wand of mindburst (8)
Scrolls
 e - a scroll of acquirement {unknown}
 j - a scroll of noise {unknown}
 l - 2 scrolls of vulnerability {unknown}
 n - a scroll of fear {unknown}
Potions
 g - a potion of mutation
 h - a potion of degeneration


   Skills:
 + Level 8.0 Fighting
 - Level 10.0 Axes
 - Level 5.0 Armour
 - Level 5.0 Shields


You had 7 spell levels left.
You didn't know any spells.
Your spell library contained the following spells:

 Spells                   Type           Power      Damage    Failure   Level
 Shock                    Conj/Air       0%         1d3       80%         1
 Call Imp                 Summ           0%         N/A       91%         2
 Sublimation of Blood     Necr           0%         N/A       91%         2
 Inner Flame              Hex/Fire       0%         N/A       99%         3
 Swiftness                Air            0%         N/A       99%         3
 Airstrike                Air            0%         2d(0-16)  100%        4
 Flame Wave               Conj/Fire      0%         2d4       100%        4
 Sticky Flame             Fire/Alch      0%         2d4       100%        4
 Summon Hydra             Summ           0%         N/A       100%        7


Dungeon Overview and Level Annotations

Branches:
Dungeon (7/15)             Bailey (1/1)
 Temple: D:4-7

Altars:
Fedhas
Sif Muna
Wu Jian


Message History

You closely miss the wolf.
The wolf is severely wounded.
The wolf barely misses you.
The gnoll sergeant hits you from afar with a +0 halberd!
You slash the wolf!
You kill the wolf!
You block the gnoll sergeant's attack.
The gnoll sergeant hits you from afar with a +0 halberd!
Training target 8.0 for Fighting reached!
Your Fighting skill increases to level 8!
You need to enable at least one skill for training.
You feel better. You block the gnoll sergeant's attack.
The gnoll sergeant hits you but does no damage.
The gnoll hits you from afar with a +0 spear.
You block the gnoll sergeant's attack. The gnoll sergeant closely misses you.
Unknown command.
You slash the gnoll sergeant!
The gnoll sergeant is heavily wounded.
You hit the gnoll sergeant but do no damage.
The gnoll misses you.
The gnoll sergeant barely misses you. x2
You hit the gnoll sergeant but do no damage.
The gnoll sergeant is heavily wounded.
You hit the gnoll sergeant.
The gnoll hits you from afar with a +0 spear.
The gnoll sergeant hits you with a +0 halberd.
The gnoll sergeant hits you with a +0 halberd!
* * * LOW HITPOINT WARNING * * *
It was a potion of attraction.
You feel attractive to monsters.
The gnoll hits you from afar with a +0 spear.
* * * LOW HITPOINT WARNING * * *
The gnoll sergeant hits you with a +0 halberd!
* * * LOW HITPOINT WARNING * * *
The gnoll sergeant misses you.
You hit the gnoll sergeant but do no damage.
The gnoll sergeant is heavily wounded.
You hit the gnoll sergeant but do no damage.
The gnoll hits you but does no damage.
The gnoll sergeant hits you with a +0 halberd!
You die...

♣♣.♣♣ ♣♣.∩.♣♣♣♣
♣♣♣♣.......♣♣
♣♣♣...........♣♣♣
♣.......))......♣♣
≈≈≈≈≈≈≈...≈≈≈≈≈≈≈♣♣
≈...........)..)≈≈♣
..........))).ggg≈♣
.######'''######@≈♣
.# #...# #.≈♣ ##
#..g# ##≈♣ #.g.# ≈♣
##'## ≈♣ ##...## ≈♣
##.(...## ≈♣
#.......# ≈♣
#...8...# ≈♣


You could see 2 gnoll sergeants and a gnoll.

Vanquished Creatures
  A steam dragon (D:7)
  3 ice beasts
  2 centaurs (D:5)
  A wolf (Bailey)
  A phantom (D:5)
  A gnoll sergeant (Bailey)
  A bullfrog (D:7)
  2 scorpions
  3 bombardier beetles
  A gnoll bouda (Bailey)
  4 hounds
  A jelly (D:5)
  Jessica (D:2)
  2 iguanas
  10 gnolls
  4 adders
  A shadow imp (D:5)
  A white imp (D:5)
  A ribbon worm (D:3)
  2 orcs (D:3)
  2 endoplasms (D:3)
  6 goblins
  3 hobgoblins (D:1)
  A quokka (D:2)
  2 ball pythons
  3 bats
  3 kobolds
  4 rats
67 creatures vanquished.

Notes
Turn   | Place    | Note
-------+----------+-------------------------------------------
     0 | D:1      | mezmerelda the Hill Orc Fighter began the quest for the
                  | Orb.
     0 | D:1      | Reached XP level 1. HP: 19/19 MP: 1/1
    75 | D:1      | Reached skill level 3 in Axes
   257 | D:1      | Reached XP level 2. HP: 25/26 MP: 2/2
   388 | D:2      | Noticed Jessica
   393 | D:2      | Reached skill level 4 in Axes
   401 | D:2      | Killed Jessica
   402 | D:2      | Reached skill level 5 in Axes
   402 | D:2      | Reached XP level 3. HP: 29/31 MP: 3/3
   563 | D:3      | Reached XP level 4. HP: 38/39 MP: 4/4
   569 | D:3      | Found a blossoming altar of Fedhas.
   667 | D:3      | Reached skill level 6 in Axes
   804 | D:3      | Identified the +1 ring mail "Bocvoe Ekuri" {Harm}
   871 | D:4      | Reached XP level 5. HP: 38/45 MP: 5/5
   929 | D:5      | Entered Level 5 of the Dungeon
   944 | D:5      | Reached skill level 7 in Axes
  1157 | D:5      | Found an ornate altar of the Wu Jian Council.
  1170 | D:5      | Reached skill level 8 in Axes
  1170 | D:5      | Reached XP level 6. HP: 51/51 MP: 6/6
  1460 | D:5      | Reached skill level 9 in Axes
  1605 | D:5      | Reached XP level 7. HP: 51/57 MP: 7/7
  1638 | D:5      | Reached skill level 10 in Axes
  1727 | D:5      | Reached skill level 5 in Fighting
  1911 | D:5      | Noticed a yak
  2005 | D:7      | Reached XP level 8. HP: 53/68 MP: 8/8
  2073 | D:7      | Reached skill level 5 in Armour
  2073 | D:7      | Reached skill level 5 in Shields
  2172 | D:7      | Found a shimmering blue altar of Sif Muna.
  2302 | D:7      | Found a flagged portal.
  2311 | Bailey   | Entered a bailey
  2902 | Bailey   | Mangled by a gnoll sergeant

Illustrated notes

Levels and vault maps discovered:
D:1:      mrwooster_arrival_statue_2, layout_basic, serial_shops,
          nicolae_shop_back_alley_shop
D:2:      layout_basic, shapermc_ecumenical_altar_acropolis, basic_altar,
          uniq_jessica
D:3:      layout_basic, mainiacjoe_overflow_surrounded_room, slow_altar_2,
          chequers_serial_rivers_micro_b, minmay_starry_boxes
D:4:      corexii_shantytown, layout_cave_pools
D:5:      layout_loops_ring, grunt_temple_overflow_lords_of_destruction,
          nicolae_wu_jian_wuxing_cycle, nicolae_twisty_statue_hallways
D:6:      layout_basic, nicolae_kikubaaqudgha_miasma_corner,
          serial_corexii_hall, corexii_hall_statues_l, corexii_hall_statues_l
D:7:      layout_loops_ring, lemuel_doored_altar,
          mainiacjoe_overflow_tiny_flanked, minmay_temple_entry_poolview,
          enter_bailey_2
Bailey:   bailey_polearm_gnolls_kennysheep, bailey

Skill      XL: |  1  2  3  4  5  6  7  8 |
---------------+-------------------------+-----
Axes           | 3 5 6 8 9 10 | 10.0
Fighting       | 5 8 |  8.0
Armour         | 4 5 |  5.0
Shields        | 4 5 |  5.0

Action                     |  1- 3 |  4- 6 |  7- 9 || total
---------------------------+-------+-------+-------++-------
  Melee: War axe           |    59 |    86 |   101 ||   246
    Use: Scroll            |       |       |     3 ||     3
         Potion            |       |       |     3 ||     3
 Armour: Scale mail        |    39 |    64 |   103 ||   206
  Dodge: Dodged            |    24 |    40 |    57 ||   121
  Block: Buckler           |    14 |    17 |    31 ||    62
